 Dungeon Crawl Stone Soup version 0.29.1-1-gd02db6906a (webtiles) character file.

Game seed: 17341667920387963298

44 Icepheonix32 the Trooper (level 3, -1/34 HPs)
             Began as a Minotaur Fighter on Sept 19, 2022.
             Slain by a gnoll
             ... wielding a +0 halberd
              (15 damage)
             ... on level 2 of the Dungeon.
             The game lasted 00:01:06 (1278 turns).

Icepheonix32 the Trooper (Minotaur Fighter)         Turns: 1278, Time: 00:01:06

Health: -1/34      AC:  7    Str: 20    XL:     3   Next: 39%
Magic:  2/2        EV:  9    Int:  5    God:
Gold:   26         SH:  4    Dex: 11    Spells: 2/2 levels left

rFire   . . .      SeeInvis .   a - +0 war axe
rCold   . . .      Faith    .   c - +0 buckler
rNeg    . . .      Spirit   .   b - +0 scale mail
rPois   .          Reflect  .   (helmet restricted)
rElec   .          Harm     .   (no cloak)
rCorr   .          Rampage  .   (no gloves)
Will    .....                   (no boots)
Stlth   ..........              (no amulet)
HPRegen 0.11/turn               (no ring)
MPRegen 0.08/turn               (no ring)

@: mighty
A: horns 2, retaliatory headbutt
a: no special abilities


You were on level 2 of the Dungeon.
You visited 1 branch of the dungeon, and saw 2 of its levels.

You collected 26 gold pieces.

Inventory:

Hand Weapons
 a - a +0 war axe (weapon)
Missiles
 h - 5 silver boomerangs (quivered)
 m - 4 javelins
Armour
 b - a +0 scale mail (worn)
 c - a +0 buckler (worn)
Scrolls
 e - 2 scrolls of teleportation {unknown}
 i - 4 scrolls of identify {unknown}
 k - a scroll of noise {unknown}
 l - a scroll of vulnerability {unknown}
 n - a scroll of immolation {unknown}
 p - a scroll of magic mapping {unknown}
Potions
 f - 3 potions of attraction {unknown}
 g - a potion of flight {unknown}
 j - a potion of lignification {unknown}
 o - a potion of heal wounds {unknown}


   Skills:
 * Level 4.3 Fighting
 + Level 3.1 Axes
 + Level 4.1 Armour
 + Level 3.9 Shields


You had 2 spell levels left.
You didn't know any spells.
Your spell library contained the following spells:

 Spells                   Type           Power      Damage    Failure   Level
 Necrotise                Necr           0%         1d4       89%         1
 Vampiric Draining        Necr           0%         2d6       99%         3
 Agony                    Necr           0%         N/A       100%        5


Dungeon Overview and Level Annotations

Branches:
Dungeon (2/15)

Altars:


Innate Abilities, Weirdness & Mutations

You have a pair of horns on your head.
You reflexively headbutt those who attack you in melee.


Message History

You block the gnoll's attack.
You hit the gnoll.
You kill the gnoll!
Your Axes skill increases to level 3!
You have reached level 3!
Your experience leads to an increase in your attributes!
Increase (S)trength, (I)ntelligence, or (D)exterity?
You feel agile. x2
You barely miss the gnoll. You block the gnoll's attack. x2
The gnoll hits you with a +0 flail!
You closely miss the gnoll.
The gnoll hits you from afar with a +0 spear!
You block the gnoll's attack.
You closely miss the gnoll. You headbutt the gnoll.
The gnoll is moderately wounded.
The gnoll barely misses you. You block the gnoll's attack.
The gnoll closely misses you. x2; You furiously retaliate!
You headbutt the gnoll, but do no damage.
You slash the gnoll!
The gnoll is severely wounded.
The goblin drinks a potion.
The goblin suddenly seems more resistant.
The gnoll barely misses you. The gnoll hits you with a +0 flail.
You are too injured to fight recklessly!
You are too injured to fight recklessly!
You are too injured to fight recklessly!
You hit the gnoll.
You kill the gnoll!
You block the gnoll's attack.
You feel very mighty all of a sudden. You block the gnoll's attack.
The gnoll barely misses you. x2
Items here: ( )) †.
You barely miss the gnoll. The gnoll closely misses you.
The gnoll hits you with a +0 spear. x2; The gnoll barely misses you.
You completely miss the gnoll. The gnoll closely misses you.
You furiously retaliate!
You headbutt the gnoll!
You kill the gnoll!
The gnoll hits you from afar with a +0 halberd!
You die... #..## ...........####...## ..........+.......# .........####...## ...!... #..## ..... #.## gg.

#.### #)#
#...#
#@######
###.#
#.##<..##
#†#
##.#.###.##
#.# #..>##
##.###.#
#....#
#.....#
#.......#
#.#####
##.###.#.
#.## #.
####...# .
###


You could see a gnoll and a goblin (resistant).

Vanquished Creatures
  3 gnolls (D:2)
  A dart slug (D:1)
  3 endoplasms (D:1)
  A goblin (D:1)
  3 hobgoblins
  3 quokkas
  2 ball pythons
  A frilled lizard (D:1)
  2 kobolds (D:1)
  3 rats (D:1)
22 creatures vanquished.

Notes
Turn   | Place    | Note
-------+----------+-------------------------------------------
     0 | D:1      | Icepheonix32 the Minotaur Fighter began the quest for the
                  | Orb.
     0 | D:1      | Reached XP level 1. HP: 19/19 MP: 0/0
   342 | D:1      | Reached XP level 2. HP: 25/27 MP: 1/1
   999 | D:2      | Found a faded altar of an unknown god.
  1270 | D:2      | Reached XP level 3. HP: 33/33 MP: 2/2
  1278 | D:2      | Slain by a gnoll

Illustrated notes

Levels and vault maps discovered:
D:1:      dpeg_arrival_fog, layout_basic
D:2:      layout_loops_corners, chequers_ecumenical_altar_grove,
          uniq_crazy_yiuf_cottage

Skill      XL: |  1  2 |
---------------+-------+-----
Fighting       | 4 |  4.3
Armour         | 4 |  4.1
Axes           | 3 |  3.1
Shields        | |  3.9

Action                   || total
-------------------------++-------
Melee: War axe           ||    55
       Headbutt          ||     6
  Use: Potion            ||     1
Armor: Scale mail        ||    21
Dodge: Dodged            ||    33
Block: Buckler           ||    20
